NYP
SPOKANE INDIANS @ TRI-CITY VALLEYCATS
07/17/2047
 
TOP OF THE 1ST
Spokane Indians batting - Pitching for Tri-City ValleyCats : LHP Jordan Leon
Pitching: LHP Jordan Leon
Batting: RHB Theo van Gent 0-0: Bunt missed!
0-1: Swinging Strike
0-2: Ball
1-2: Strikes out swinging
Batting: RHB George King 0-0: Ball
1-0: Ball
2-0: Foul Ball, location: 2F
2-1: Called Strike
2-2: Ball
3-2: Foul Ball, location: 2F
3-2: Strikes out swinging
Batting: RHB Tim Adams 0-0: Foul Ball, location: 2F
0-1: SOLO HOME RUN (Flyball, 78XD, EV 106.2 MPH), Distance : 433 ft
Batting: RHB Luke Stark 0-0: Ball
1-0: Called Strike
1-1: Foul Ball, location: 2F
1-2: Foul Ball, location: 2F
1-2: Ball
2-2: Foul Ball, location: 2F
2-2: Strikes out swinging
Top of the 1st over - 1 run, 1 hit, 0 errors, 0 left on base; Spokane 1 - Tri-City 0
BOTTOM OF THE 1ST
Tri-City ValleyCats batting - Pitching for Spokane Indians : RHP Dan Rohrbach
Pitching: RHP Dan Rohrbach
Batting: LHB Bruce Arvizu 0-0: Ball
1-0: Called Strike
1-1: Ground out 4-3 (Groundball, 4D, EV 100.6 MPH)
Batting: LHB Daigo Ishii 0-0: Ball
1-0: Ball
2-0: Called Strike
2-1: Called Strike
2-2: DOUBLE (Line Drive, 89D, EV 107.5 MPH)
Pitching: RHP Bao-qing Bu
Batting: SHB Tanner Bernstein 0-0: Foul Ball, location: 2F
0-1: Called Strike
0-2: Ball
1-2: Ball
2-2: Foul Ball, location: 2F
2-2: Strikes out swinging
Batting: RHB Steve Moore 0-0: Called Strike
0-1: Fly out, F8 (Flyball, 8RD, EV 101.2 MPH)
Bottom of the 1st over - 0 runs, 1 hit, 0 errors, 1 left on base; Spokane 1 - Tri-City 0
TOP OF THE 2ND
Spokane Indians batting - Pitching for Tri-City ValleyCats : LHP Jordan Leon
Batting: RHB Jason Ostrom 0-0: Ground out 5-3 (Groundball, 56S, EV 83.1 MPH)
Batting: SHB Santos Renteria 0-0: Called Strike
0-1: Swinging Strike
0-2: Foul Ball, location: 2F
0-2: Foul Ball, location: 2F
0-2: Foul Ball, location: 2F
0-2: Foul Ball, location: 2F
0-2: Hit by Pitch
Batting: RHB Dave Brabo 0-0: Ball
1-0: Ball
2-0: Called Strike
2-1: Grounds into double play, 4-6-3 (Groundball, 4, EV 103.1 MPH)
Top of the 2nd over - 0 runs, 0 hits, 0 errors, 0 left on base; Spokane 1 - Tri-City 0
BOTTOM OF THE 2ND
Tri-City ValleyCats batting - Pitching for Spokane Indians : RHP Bao-qing Bu
Batting: RHB Drew Coleman 0-0: Called Strike
0-1: Foul Ball, location: 2F
0-2: Ball
1-2: Ball
2-2: Strikes out swinging
Batting: SHB Sean Hill 0-0: Ball
1-0: SINGLE (Groundball, 4MD, EV 104.4 MPH)
Batting: RHB David Schweitzer 0-0: Called Strike
0-1: Swinging Strike
0-2: Foul Ball, location: 2F
0-2: Ball
Wild Pitch!
Sean Hill to second
1-2: Fly out, F6 (Flyball, 6D, EV 81.2 MPH)
Batting: RHB J.R. Roberts 0-0: Ball
1-0: Ball
2-0: Foul Ball, location: 2F
2-1: Ball
3-1: Base on Balls
Batting: RHB Omar Amaya 0-0: Fly out, F9 (Flyball, 89M, EV 90.0 MPH)
Bottom of the 2nd over - 0 runs, 1 hit, 0 errors, 2 left on base; Spokane 1 - Tri-City 0
TOP OF THE 3RD
Spokane Indians batting - Pitching for Tri-City ValleyCats : LHP Jordan Leon
Batting: LHB William Hanley 0-0: Called Strike
0-1: Foul Ball, location: 2F
0-2: Ball
1-2: Ground out U3 (Groundball, 3, EV 87.5 MPH)
Batting: RHB Ferdi Schipper 0-0: Ball
1-0: Foul Ball, location: 2F
1-1: Ball
2-1: Ball
3-1: Ground out 4-3 (Groundball, 34, EV 90.0 MPH)
Batting: RHB Theo van Gent 0-0: Foul Ball, location: 2F
0-1: Ball
1-1: Foul Ball, location: 2F
1-2: Fly out, F9 (Flyball, 9LS, EV 77.5 MPH)
Top of the 3rd over - 0 runs, 0 hits, 0 errors, 0 left on base; Spokane 1 - Tri-City 0
BOTTOM OF THE 3RD
Tri-City ValleyCats batting - Pitching for Spokane Indians : RHP Bao-qing Bu
Batting: LHB Bruce Arvizu 0-0: Ball
1-0: Ball
2-0: Ground out U3 (Groundball, 3, EV 105.6 MPH)
Batting: LHB Daigo Ishii 0-0: Called Strike
0-1: Ball
1-1: Swinging Strike
1-2: Ball
2-2: Strikes out swinging
Batting: SHB Tanner Bernstein 0-0: Foul Ball, location: 2F
0-1: Foul Ball, location: 2F
0-2: Ball
1-2: Ball
2-2: Ball
3-2: Strikes out swinging
Bottom of the 3rd over - 0 runs, 0 hits, 0 errors, 0 left on base; Spokane 1 - Tri-City 0
TOP OF THE 4TH
Spokane Indians batting - Pitching for Tri-City ValleyCats : LHP Jordan Leon
Batting: RHB George King 0-0: Called Strike
0-1: SINGLE (Flyball, 78S, EV 95.0 MPH)
Batting: RHB Tim Adams 0-0: Called Strike
0-1: Ball
1-1: Swinging Strike
1-2: Grounds into double play, 6-4-3 (Groundball, 6, EV 81.2 MPH)
Batting: RHB Luke Stark 0-0: Called Strike
0-1: Called Strike
0-2: Ball
1-2: Strikes out looking
Top of the 4th over - 0 runs, 1 hit, 0 errors, 0 left on base; Spokane 1 - Tri-City 0
BOTTOM OF THE 4TH
Tri-City ValleyCats batting - Pitching for Spokane Indians : RHP Bao-qing Bu
Batting: RHB Steve Moore 0-0: Called Strike
0-1: Called Strike
0-2: Ball
1-2: Ball
2-2: Foul Ball, location: 2F
2-2: Foul Ball, location: 2F
2-2: DOUBLE (Line Drive, 7LM, EV 109.4 MPH)
Batting: RHB Drew Coleman 0-0: Ball
1-0: Foul Ball, location: 2F
1-1: Ball
2-1: Called Strike
2-2: Foul Ball, location: 2F
2-2: Ball
3-2: Strikes out looking
Batting: SHB Sean Hill 0-0: Ball
1-0: Ball
Steve Moore is caught stealing 3rd base 2-5
2-0: Ball
3-0: Swinging Strike
3-1: Base on Balls
Batting: RHB David Schweitzer 0-0: Ball
1-0: Ground out 6-3 (Groundball, 56, EV 105.6 MPH)
Bottom of the 4th over - 0 runs, 1 hit, 0 errors, 1 left on base; Spokane 1 - Tri-City 0
TOP OF THE 5TH
Spokane Indians batting - Pitching for Tri-City ValleyCats : LHP Jordan Leon
Batting: RHB Jason Ostrom 0-0: SINGLE (Groundball, 6S, EV 64.4 MPH) (infield hit)
Batting: SHB Santos Renteria 0-0: Called Strike
0-1: Ball
1-1: Foul Ball, location: 2F
1-2: Foul Ball, location: 2F
1-2: Ball
2-2: Fly out, F8 (Flyball, 8RS, EV 75.0 MPH)
Batting: RHB Dave Brabo 0-0: Ball
1-0: Swinging Strike
1-1: Foul Ball, location: 2F
1-2: Ball
2-2: Ball
3-2: Fly out, F3 (Popup, 23F, EV 83.8 MPH)
Batting: LHB William Hanley 0-0: Ball
1-0: Ball
2-0: Ball
3-0: Called Strike
3-1: Base on Balls
Jason Ostrom to second
Pitching: RHP Mario del Rio
Batting: RHB Ferdi Schipper 0-0: Called Strike
0-1: Ground out 4-3 (Groundball, 4, EV 82.5 MPH)
Top of the 5th over - 0 runs, 1 hit, 0 errors, 2 left on base; Spokane 1 - Tri-City 0
BOTTOM OF THE 5TH
Tri-City ValleyCats batting - Pitching for Spokane Indians : RHP Bao-qing Bu
Batting: RHB J.R. Roberts 0-0: Ball
1-0: Ball
2-0: Foul Ball, location: 2F
2-1: Swinging Strike
2-2: Strikes out looking
Pinch Hitting: RHB Xavier Castaneda 0-0: Ball
1-0: Ball
2-0: Called Strike
2-1: Foul Ball, location: 2F
2-2: DOUBLE (Groundball, 5L, EV 98.8 MPH)
Batting: LHB Bruce Arvizu 0-0: Ball
1-0: Ball
2-0: Ball
3-0: Base on Balls
Batting: LHB Daigo Ishii 0-0: SINGLE (Groundball, 6MS, EV 67.5 MPH) (infield hit)
Xavier Castaneda to third
Bruce Arvizu to second
Batting: SHB Tanner Bernstein 0-0: Ball
1-0: Foul Ball, location: 2F
1-1: Foul Ball, location: 2F
1-2: Foul Ball, location: 2F
1-2: Ball
2-2: Foul Ball, location: 2F
2-2: Foul Ball, location: 2F
2-2: Fly out, F9 (Line Drive, 89D, EV 90.6 MPH)
Runner from 3rd tags up, OUT at HOME! 9-2
Bottom of the 5th over - 0 runs, 2 hits, 0 errors, 2 left on base; Spokane 1 - Tri-City 0
TOP OF THE 6TH
Spokane Indians batting - Pitching for Tri-City ValleyCats : RHP Mario del Rio
Now in CF: Xavier Castaneda
Pinch Hitting: LHB Nick Foutz 0-0: Ball
1-0: Called Strike
1-1: Called Strike
1-2: Ball
2-2: Strikes out looking
Batting: RHB George King 0-0: Ball
1-0: Foul Ball, location: 2F
1-1: Called Strike
1-2: Foul Ball, location: 2F
1-2: Ball
2-2: SINGLE (Line Drive, 34D, EV 99.4 MPH)
Batting: RHB Tim Adams 0-0: Ball
1-0: Called Strike
1-1: Ball
George King steals 2nd base
2-1: Foul Ball, location: 2F
2-2: Foul Ball, location: 2F
2-2: Ball
3-2: Base on Balls
Pitching: RHP Michiyo Takayama
Batting: RHB Luke Stark 0-0: Ball
1-0: Foul Ball, location: 2F
1-1: Foul Ball, location: 2F
1-2: Ball
2-2: Ball
3-2: DOUBLE (Groundball, 3L, EV 97.5 MPH)
George King scores
Tim Adams to third
Pinch Hitting: LHB Sean Gingrich 0-0: Called Strike
0-1: Ball
1-1: Foul Ball, location: 2F
1-2: Ball
2-2: Foul Ball, location: 2F
2-2: Ball
3-2: Foul Ball, location: 2F
3-2: SINGLE (Groundball, 4MD, EV 108.8 MPH)
Tim Adams scores
Luke Stark to third
Throwing error, E8
Luke Stark scores
Sean Gingrich to second
Batting: SHB Santos Renteria 0-0: Called Strike
0-1: Foul Ball, location: 2F
0-2: Ball
1-2: Strikes out looking
Pinch Hitting: SHB Kaname Fujimoto 0-0: Called Strike
0-1: Ball
1-1: Ground out U3 (Groundball, 3, EV 104.4 MPH)
Top of the 6th over - 3 runs, 3 hits, 1 error, 1 left on base; Spokane 4 - Tri-City 0
BOTTOM OF THE 6TH
Tri-City ValleyCats batting - Pitching for Spokane Indians : RHP Bao-qing Bu
Pitching: RHP Elvis Diaz
Now at SS: Darnell Jones
Now in LF: Nick Foutz
Now in CF: Caleb Domino
Batting: RHB Steve Moore 0-0: Ground out 5-3 (Groundball, 56S, EV 68.8 MPH)
Batting: RHB Drew Coleman 0-0: Fly out, F8 (Flyball, 78D, EV 90.6 MPH)
Batting: SHB Sean Hill 0-0: Called Strike
0-1: DOUBLE (Groundball, 3L, EV 110.6 MPH)
Batting: RHB David Schweitzer 0-0: Ground out 1-3 (Groundball, 34S, EV 71.2 MPH)
Bottom of the 6th over - 0 runs, 1 hit, 0 errors, 1 left on base; Spokane 4 - Tri-City 0
TOP OF THE 7TH
Spokane Indians batting - Pitching for Tri-City ValleyCats : RHP Michiyo Takayama
Batting: LHB William Hanley 0-0: Ball
1-0: Swinging Strike
1-1: Ball
2-1: SOLO HOME RUN (Line Drive, 89XD, EV 106.9 MPH), Distance : 408 ft
Batting: RHB Ferdi Schipper 0-0: SOLO HOME RUN (Flyball, 9D, EV 99.4 MPH), Distance : 373 ft
Batting: LHB Nick Foutz 0-0: Called Strike
0-1: Ball
1-1: Ball
2-1: Ball
3-1: Foul Ball, location: 2F
3-2: Base on Balls
Batting: RHB George King 0-0: Called Strike
Nick Foutz steals 2nd base (no throw)
0-1: SINGLE (Groundball, 4D, EV 108.1 MPH)
Nick Foutz to third
Runner from 3rd tries for Home, SAFE, throw by CF to home
Pinch Hitting: RHB Dennis Daniels 0-0: Ball
1-0: Ball
2-0: Foul Ball, location: 2F
2-1: 2-RUN HOME RUN (Flyball, 7LD, EV 91.9 MPH), Distance : 344 ft
Batting: RHB Luke Stark 0-0: Ball
1-0: Ball
2-0: Ball
3-0: Base on Balls
Pinch Hitting: RHB Justin Anastasio 0-0: Ball
Luke Stark steals 2nd base
1-0: Fly out, F7 (Flyball, 7LS, EV 90.0 MPH)
Batting: SHB Santos Renteria 0-0: Ball
1-0: Foul Ball, location: 2F
1-1: Foul Ball, location: 2F
1-2: Ball
2-2: Foul Ball, location: 2F
2-2: Strikes out swinging
Batting: RHB Darnell Jones 0-0: DOUBLE (Line Drive, 5D, EV 108.8 MPH)
Luke Stark scores
Pitching: LHP Frank Vazquez
Pinch Hitting: RHB Josh Whitmore 0-0: Swinging Strike
0-1: Foul Ball, location: 2F
0-2: Ball
1-2: DOUBLE (Line Drive, 8LXD, EV 100.0 MPH)
Darnell Jones scores
Batting: RHB Ferdi Schipper 0-0: Called Strike
0-1: Foul Ball, location: 2F
0-2: Ball
1-2: Ball
2-2: Strikes out swinging
Top of the 7th over - 7 runs, 6 hits, 0 errors, 1 left on base; Spokane 11 - Tri-City 0
BOTTOM OF THE 7TH
Tri-City ValleyCats batting - Pitching for Spokane Indians : RHP Elvis Diaz
Now at 1B: Josh Whitmore
Now at 2B: Darnell Jones
Now at 3B: Herb Craig
Now at SS: Dennis Daniels
Now in CF: Justin Anastasio
Now in RF: Jose Baez
Batting: RHB J.R. Roberts 0-0: Swinging Strike
0-1: Foul Ball, location: 2F
0-2: Ball
1-2: Hit by Pitch
Pinch Hitting: RHB Jarno van Lente 0-0: Ball
1-0: Ball
2-0: Swinging Strike
2-1: Ball
3-1: SINGLE (Groundball, 23, EV 68.8 MPH) (infield hit)
J.R. Roberts to second
Batting: LHB Bruce Arvizu 0-0: SINGLE (Groundball, 4D, EV 110.0 MPH)
J.R. Roberts to third
Jarno van Lente to second
Runner from 3rd tries for Home, SAFE, throw by CF to home
Batting: LHB Daigo Ishii 0-0: Ball
1-0: Foul Ball, location: 2F
1-1: Foul Ball, location: 2F
1-2: Strikes out looking
Batting: SHB Tanner Bernstein 0-0: Foul Ball, location: 2F
0-1: Foul Ball, location: 2F
0-2: Foul Ball, location: 2F
0-2: Strikes out swinging
Batting: RHB Steve Moore 0-0: Ball
1-0: SINGLE (Groundball, P, EV 86.9 MPH) (infield hit)
Jarno van Lente to third
Bruce Arvizu to second
Batting: RHB Drew Coleman 0-0: Hit by Pitch
Jarno van Lente scores
Bruce Arvizu to third
Steve Moore to second
Batting: SHB Sean Hill 0-0: Ball
1-0: Ball
2-0: Foul Ball, location: 2F
2-1: Foul Ball, location: 2F
2-2: Ball
3-2: Strikes out swinging
Bottom of the 7th over - 2 runs, 3 hits, 0 errors, 3 left on base; Spokane 11 - Tri-City 2
TOP OF THE 8TH
Spokane Indians batting - Pitching for Tri-City ValleyCats : LHP Frank Vazquez
Now in CF: Jarno van Lente
Pinch Hitting: RHB Dale Young 0-0: Ball
1-0: Called Strike
1-1: Ball
2-1: Ball
3-1: Base on Balls
Batting: RHB George King 0-0: Ball
1-0: Called Strike
1-1: Ball
2-1: Ball
3-1: Base on Balls
Dale Young to second
Batting: RHB Dennis Daniels 0-0: Fly out, F5 (Popup, 5SF, EV 85.6 MPH)
Batting: RHB Herb Craig 0-0: Ball
1-0: Ball
2-0: Called Strike
2-1: Foul Ball, location: 2F
2-2: Ball
3-2: Foul Ball, location: 2F
3-2: Base on Balls
Dale Young to third
George King to second
Batting: RHB Justin Anastasio 0-0: Ball
Passed Ball!
Dale Young scores
George King to third
Herb Craig to second
1-0: Ball
Wild Pitch!
George King scores
Herb Craig to third
2-0: DOUBLE (Line Drive, 78D, EV 113.1 MPH)
Herb Craig scores
Batting: SHB Santos Renteria 0-0: Ground out U3 (Groundball, 34, EV 82.5 MPH)
Justin Anastasio to third
Batting: RHB Darnell Jones 0-0: Ground out 6-3 (Groundball, 4MD, EV 88.8 MPH)
Top of the 8th over - 3 runs, 1 hit, 0 errors, 1 left on base; Spokane 14 - Tri-City 2
BOTTOM OF THE 8TH
Tri-City ValleyCats batting - Pitching for Spokane Indians : RHP Elvis Diaz
Now at 1B: Herb Craig
Now at 3B: Jarrod Joyce
Now in LF: Dale Young
Batting: RHB David Schweitzer 0-0: Called Strike
0-1: Ball
1-1: Swinging Strike
1-2: Foul Ball, location: 2F
1-2: SINGLE (Groundball, 6D, EV 102.5 MPH)
Batting: RHB J.R. Roberts 0-0: Foul Ball, location: 2F
0-1: Ball
1-1: Ball
2-1: Grounds into double play, 6-4-3 (Groundball, 6, EV 108.1 MPH)
Batting: RHB Jarno van Lente 0-0: Foul Ball, location: 2F
0-1: Swinging Strike
0-2: Strikes out swinging
Bottom of the 8th over - 0 runs, 1 hit, 0 errors, 0 left on base; Spokane 14 - Tri-City 2
TOP OF THE 9TH
Spokane Indians batting - Pitching for Tri-City ValleyCats : LHP Frank Vazquez
Pinch Hitting: SHB Reagan Dudley 0-0: Called Strike
0-1: Ball
1-1: Ball
2-1: Called Strike
2-2: Strikes out swinging
Batting: LHB Jose Baez 0-0: Ball
1-0: Swinging Strike
1-1: Swinging Strike
1-2: Strikes out swinging
Pitching: RHP Nate Britton
Pinch Hitting: RHB Andres Valles 0-0: Called Strike
0-1: Fly out, F8 (Flyball, 8RD, EV 104.4 MPH)
Top of the 9th over - 0 runs, 0 hits, 0 errors, 0 left on base; Spokane 14 - Tri-City 2
BOTTOM OF THE 9TH
Tri-City ValleyCats batting - Pitching for Spokane Indians : RHP Elvis Diaz
Now at 1B: Reagan Dudley
Now at 3B: Herb Craig
Now in LF: Andres Valles
Batting: LHB Bruce Arvizu 0-0: Ball
1-0: Swinging Strike
1-1: Swinging Strike
1-2: Strikes out swinging
Batting: LHB Daigo Ishii 0-0: Called Strike
0-1: Foul Ball, location: 2F
0-2: Strikes out swinging
Batting: SHB Tanner Bernstein 0-0: Called Strike
0-1: Ground out 6-3 (Groundball, 6M, EV 81.9 MPH)
Bottom of the 9th over - 0 runs, 0 hits, 0 errors, 0 left on base; Spokane 14 - Tri-City 2
Thursday, December 15th , 2022 - OOTP Baseball 23.9 Build 102